 Dungeon Crawl Stone Soup version 0.30.0-20-g3615ddf2f0 (webtiles) character file.

Game seed: 13211142320110489484

135893 qw the Severer (level 17, -6/118 HPs)
             Began as a Gargoyle Fighter on May 31, 2023.
             Was a High Priest of Okawaru.
             Mangled by a tyrant leech (12 damage)
             ... on level 3 of the Swamp.
             The game lasted 00:14:36 (23141 turns).

qw the Severer (Gargoyle Fighter)                  Turns: 23141, Time: 00:14:37

Health: -6/118     AC: 46    Str: 29 (30) XL:     17   Next: 20%
Magic:  26/26      EV: 11    Int: 11      God:    Okawaru [*****.]
Gold:   1883       SH: 19    Dex:  5 (7)  Spells: 16/16 levels left

rFire   + . .        Y - +5 broad axe (freeze)
rCold   + . .        G - +0 tower shield
rNeg    + + .        g - +1 plate armour {rN+}
rPois   inf          k - +0 helmet
rElec   +            v - scarf of Qap Liag {repulsion, rPois rF+ Regen+}
rCorr   .            D - +2 pair of gloves
SInv    +            n - +2 pair of boots of Aqiss {rC+ Str+6}
Will    ++...        C - amulet of faith Stlth
                     t - +5 ring of evasion
HPRegen 1.19/turn    r - +4 ring of protection
MPRegen 0.20/turn

%: repel missiles, faith
@: about to teleport, heroic, marked, grasped by roots, flying, constricted
A: sickness immunity, AC +12, big wings, negative energy resistance 1,
electricity resistance, torment resistance 1, petrification resistance, talons
1, iridescent scales 1, see invisible, clumsy 1, deterioration 1, high MP 1,
strong-willed 1, robust 1, weak 1
a: Renounce Religion, Heroism, Finesse, Duel


You were on level 3 of the Swamp.
You worshipped Okawaru.
Okawaru was extremely pleased with you.
You visited 5 branches of the dungeon, and saw 26 of its levels.

You collected 2712 gold pieces.
You spent 829 gold pieces at shops.


Innate Abilities, Weirdness & Mutations

You are immune to sickness and miasma.
Your stone body is resilient. (AC +12)
You are immune to poison.
Your large and strong wings let you fly.
You resist negative energy. (rN+)
You are resistant to electric shocks. (rElec)
You are resistant to unholy torment.
You are immune to petrification.
You have sharp toenails.
You are partially covered in iridescent scales. (AC +2)
You have supernaturally acute eyesight. (SInv)
You are clumsy. (Dex -2)
Your body sometimes deteriorates upon taking damage.
You have an increased reservoir of magic. (+10% MP)
You are strong-willed. (Will+)
You are robust. (+10% HP)
You are weak. (Str -2)


   Skills:
 - Level 13.0(18.0) Fighting
 - Level 18.0(23.0) Axes
 - Level 7.0(12.0) Throwing
 - Level 12.0(17.0) Armour
 - Level 2.1(7.1) Dodging
 + Level 15.3(20.3) Shields
 - Level 10.0 Invocations


You had 16 spell levels left.
You didn't know any spells.
Your spell library was empty.

Inventory:

Hand Weapons
 l - a +4 broad axe of flaming
 Y - a +5 broad axe of freezing (weapon)
Missiles
 E - 8 boomerangs (quivered)
Armour
 c - a +2 chain mail of fire resistance
 e - the +0 cloak of Daig {Contam Fly Regen+ Int+3}
   (You found it on level 8 of the Dungeon)

   Int:       It affects your intelligence (+3).
   Fly:       It grants you flight.
   Contam:    It causes magical contamination when unequipped.
   Regen:     It increases your rate of health regeneration.
 f - a scarf of resistance
 g - a +1 plate armour of positive energy (worn)
 k - a +0 helmet (worn)
 m - the +0 cloak of Echio {rElec rC+}
   (You found it on level 6 of the Dungeon)

   rC:        It protects you from cold.
   rElec:     It insulates you from electricity.
 n - the +2 pair of boots of Aqiss (worn) {rC+ Str+6}
   (You acquired it on level 4 of the Dungeon)

   Str:       It affects your strength (+6).
   rC:        It protects you from cold.
 q - +0 acid dragon scales
 v - the scarf of Qap Liag (worn) {repulsion, rPois rF+ Regen+}
   (Okawaru gifted it to you on level 11 of the Dungeon)

   rF:        It protects you from fire.
   rPois:     It protects you from poison.
   Regen:     It increases your rate of health regeneration.
 D - a +2 pair of gloves (worn)
 F - the +1 cloak of Uraneh {-Tele Contam rPois rC+++}
   (You acquired it on level 12 of the Dungeon)

   rC:        It renders you almost immune to cold.
   rPois:     It protects you from poison.
   -Tele:     It prevents most forms of teleportation.
   Contam:    It causes magical contamination when unequipped.
 G - a +0 tower shield (worn)
Jewellery
 r - a +4 ring of protection (right hand)
 t - a +5 ring of evasion (left hand)
 u - an amulet of reflection
 x - a ring of resist corrosion
 y - a ring of ice
 C - an amulet of faith (around neck)
Wands
 z - a wand of digging (13)
Scrolls
 a - 21 scrolls of identify
 b - 7 scrolls of teleportation
Potions
 d - 4 potions of might
 h - 3 potions of lignification
 i - 11 potions of curing
 j - 2 potions of attraction
 o - 2 potions of magic
 p - 2 potions of haste
 s - 2 potions of mutation
 A - 2 potions of heal wounds
 B - a potion of cancellation

Dungeon Overview and Level Annotations

Branches:
Dungeon (15/15)            Temple (1/1) D:4            Lair (5/5) D:11
  Swamp (3/4) Lair:2       Spider (0/4) Lair:3        Slime (0/5) Lair:5
    Orc (2/2) D:12            Elf (0/3) Orc:2        Vaults (0/5) D:14
 Depths (0/4) D:15

Altars:
Ashenzari
Cheibriados
Dithmenos
Elyvilon
Fedhas
Gozag
Hepliaklqana
Kikubaaqudgha
Makhleb
Nemelex Xobeh
Okawaru
Qazlal
Ru
Sif Muna
Trog
Uskayaw
Vehumet
Wu Jian
Xom
Yredelemnul
Zin
The Shining One
Jiyva

Shops:
D:2 [   D:10 *   D:11 *   Orc:2 :(:***

Portals:
Pandemonium: Orc:2

Annotations:
D:8 4 transporters
D:12 3 runed translucent doors, Xeikkuus's ghost, journeyman MiFi
D:13 1 runed translucent door, qw's ghost, journeyman GrFi
Lair:3 3 runed translucent doors, qw's ghost, journeyman GrFi
Lair:5 1 runed translucent door
Swamp:1 2 transporters


Message History

The bunyip howls a warning cry!
You block the spriggan rider's attack.
An alligator comes into view.
You barely miss the spriggan rider.
The spriggan rider is heavily wounded.
You slice the bunyip!! You freeze the bunyip! You slice the spriggan druid!!
You freeze the spriggan druid. You block the spriggan rider's attack.
The spriggan druid points at you and mumbles some strange words.
The stone arrow is repelled.
You block the bunyip's attack. x2
The bunyip claws you but does no damage.
The grasping roots constrict you!
Your body deteriorates!
You feel clumsy.
You miss the spriggan druid.
The spriggan druid is almost dead.
You completely miss the spriggan rider. You closely miss the bunyip.
You hit the tyrant leech. You freeze the tyrant leech.
The swamp drake breathes poison at you.
The noxious blast engulfs the bunyip but does no damage.
The spriggan rider hits you with a +0 spear!
The spriggan rider is engulfed in noxious fumes.
You block the spriggan rider's attack.
The spriggan rider hits you but does no damage.
The tyrant leech bites you!!
Your body deteriorates!
You feel weakened. You block the spriggan druid's attack.
23141 ||| READING 8 scrolls of teleportation.
As you read the scroll of teleportation, it crumbles to dust.
You feel strangely unstable. The grasping roots constrict you.
You block the spriggan rider's attack.
A swamp dragon comes into view.
The swamp dragon barely misses you. You block the swamp dragon's attack.
The swamp dragon tramples you but does no damage.
The spriggan rider barely misses you.
The spriggan rider is engulfed in noxious fumes.
The spriggan rider appears confused.
The spriggan rider barely misses the spriggan rider.
The spriggan rider hits itself with a +0 spear!!
You block the spriggan druid's attack. The tyrant leech bites you!
You die...

~777.~~~..~¤~.~~~..
~¤¤......~~~......~7~~7.
~~~..~7...~~.77...~7777.
.¤~~~~~..<.~~.~~~~777~7.
.~~~.~t....k~.D~~~.77~.~
.<..ft.y~~~....~~~~77~..
~~..~~iyi0~..7.~..777777
~~~.~Dwix0~~~~77777 7
.~~~~~i@00(~~~.7 7
...~~~D)%¤~~~~.7
...¤~.%...~..~77
~~~~~.777777777 ~~~.~.
~~77.. ~ 7~ 7~


You could see a shambling mangrove, a bunyip (catching breath), 2 alligators, a
six-headed hydra, 2 swamp dragons, a tyrant leech, 3 spriggan riders, a spriggan
druid, a swamp drake (catching breath) and 2 vampire mosquitoes.

Vanquished Creatures
  Kirke (Lair:4)
  A fenstrider witch (Swamp:2)
  A stone giant (D:15)
  An orc warlord (Orc:1)
  3 eleionomae
  Nessos (D:14)
  4 bunyips
  Josephine (D:14)
  A ghost crab (Swamp:1)
  9 hydras
  An ogre mage (D:14)
  A catoblepas (D:15)
  4 two-headed ogres
  Erica (D:9)
  2 demonspawn (Orc:2)
  8 centaur warriors
  2 tengu warriors
  2 boulder beetles
  13 alligators
  6 orc high priests
  6 death yaks (Lair:5)
  7 skeletal warriors
  2 skysharks
  A deep troll (D:15)
  A spriggan druid (Swamp:3)
  6 goliath frogs
  2 wizards
  A lindwurm (Lair:5)
  2 bog bodies (Lair:2)
  5 orc knights
  A wolf spider zombie (D:10)
  A deep elf zephyrmancer (D:15)
  An oklob plant (Lair:2)
  7 orc sorcerers
  2 wolf spiders (Lair:5)
  5 cyclopes
  A will-o-the-wisp (Swamp:1)
  11 ugly things
  A salamander (shapeshifter) (D:15)
  A manticore (D:12)
  A guardian serpent (Lair:5)
  7 black mambas
  A guardian serpent (shapeshifter) (D:9)
  A smoke demon (Orc:2)
  7 torpor snails
  17 cane toads
  3 elephants (Lair:3)
  A gargoyle (D:9)
  3 rime drakes
  5 centaur skeletons
  Maggie (Lair:1)
  Psyche (D:8)
  17 komodo dragons
  8 kobold demonologists
  2 unseen horrors
  3 tengu conjurers
  A freezing wraith (D:14)
  A komodo dragon (shapeshifter) (D:13)
  2 red devils (Orc:2)
  6 trolls
  15 hornets
  12 tyrant leeches
  2 hellwings (D:10)
  2 polar bears
  A harpy skeleton (D:10)
  A hornet (shapeshifter) (D:15)
  15 blink frogs
  13 dream sheep
  A jumping spider (Lair:3)
  A meliai zombie (D:10)
  3 slime creatures (D:14)
  A water elemental (D:15)
  Sigmund (D:3)
  2 shadows
  42 yaks
  A vampire (D:11)
  6 spriggans
  8 wraiths
  2 hogs (Lair:4)
  5 humans (Lair:4)
  14 wyverns
  3 fire bats (Lair:2)
  4 basilisks
  A chaos spawn (Orc:2)
  4 redbacks
  2 steam dragons (D:9)
  14 vampire mosquitoes
  5 swamp worms
  4 wargs
  27 water moccasins
  2 acid dragons (D:9)
  24 orc warriors
  A black bear (Lair:2)
  4 swamp drakes
  12 ogres
  3 boggarts (D:15)
  13 wolves
  31 centaurs
  A phantom (D:6)
  10 kobold brigands
  16 bullfrogs
  A gnoll sergeant (D:9)
  4 wights (D:7)
  9 killer bees
  5 howler monkeys (D:9)
  2 electric eels (D:15)
  2 hounds
  3 jellies
  22 orc priests
  A gnoll bouda (D:7)
  3 sleepcaps
  4 iguanas
  17 orc wizards
  5 hell rats (Lair:5)
  2 boggart skeletons (D:14)
  11 adders
  8 gnolls
  3 shadow imps (D:10)
  2 white imps
  4 worms
  2 dart slugs
  58 orcs
  9 ball pythons
  7 bats
  9 endoplasms
  2 giant cockroaches
  5 goblins
  8 hobgoblins
  13 jackals
  29 kobolds
  4 quokkas
  3 frilled lizards (D:1)
  5 rats
  A spectral weapon (Swamp:3)
807 creatures vanquished.

Vanquished Creatures (others)
  A bloated husk (Swamp:2)
  An orc warrior (Orc:2)
  A boggart (D:15)
  A kobold (D:11)
  4 foxfires (Swamp:1)
8 creatures vanquished.

Grand Total: 815 creatures vanquished

Notes
Turn   | Place    | Note
-------+----------+-------------------------------------------
     0 | D:1      | qw the Gargoyle Fighter began the quest for the Orb.
     0 | D:1      | Reached XP level 1. HP: 14/14 MP: 1/1
     0 | D:1      | 0 ||| qw: Version: 0.2-a-102-gfc559e5
     0 | D:1      | 0 ||| qw: Game counter: 605
     0 | D:1      | 0 ||| qw: Always use a shield: true
     0 | D:1      | 0 ||| qw: God list: Okawaru
     0 | D:1      | 0 ||| qw: Allow faded altars: false
     0 | D:1      | 0 ||| qw: Do Orc after D:15 true
     0 | D:1      | 0 ||| qw: Do second Lair branch before Depths: true
     0 | D:1      | 0 ||| qw: Lair rune preference: random
     0 | D:1      | 0 ||| qw: Plans: Normal, Zot:1-4, Slime:5, God:TSO, Crypt,
                  | Tomb, Pan, Hells, Abyss, Win
     0 | D:1      | 0 ||| PLANNING D:1-11
    91 | D:1      | 91 ||| Stepping ~*~*~tactically~*~*~ (stealth).
    95 | D:1      | Reached skill level 2 in Axes
   108 | D:1      | Reached XP level 2. HP: 16/19 MP: 2/2
   462 | D:1      | Reached skill level 3 in Axes
   483 | D:1      | 483 ||| Stepping ~*~*~tactically~*~*~ (stealth).
   486 | D:1      | Reached XP level 3. HP: 19/23 MP: 3/3
   504 | D:1      | 504 ||| Stepping ~*~*~tactically~*~*~ (hiding).
   548 | D:1      | 548 ||| Stepping ~*~*~tactically~*~*~ (stealth).
   549 | D:1      | 549 ||| Stepping ~*~*~tactically~*~*~ (stealth).
   580 | D:1      | 580 ||| Stepping ~*~*~tactically~*~*~ (stealth).
   581 | D:1      | 581 ||| Stepping ~*~*~tactically~*~*~ (stealth).
   602 | D:1      | 602 ||| Stepping ~*~*~tactically~*~*~ (stealth).
   865 | D:1      | 865 ||| UPGRADING to scarf of resistance.
   870 | D:1      | 870 ||| READING 4 scrolls labelled ELLECO GIXOEJ.
   871 | D:1      | 871 ||| READING scroll labelled REURIMPITI.
   872 | D:1      | 872 ||| READING scroll labelled WIDELI WUIC.
   873 | D:1      | 873 ||| DRINKING 2 black potions.
   874 | D:1      | 874 ||| READING 3 scrolls of identify.
   874 | D:1      | 874 ||| IDENTIFYING red potion
   875 | D:1      | 875 ||| READING 2 scrolls of identify.
   875 | D:1      | 875 ||| IDENTIFYING emerald potion
  1243 | D:2      | Reached XP level 4. HP: 28/28 MP: 4/4
  1307 | D:2      | 1307 ||| Stepping ~*~*~tactically~*~*~ (hiding).
  1308 | D:2      | 1308 ||| Stepping ~*~*~tactically~*~*~ (hiding).
  1421 | D:2      | Identified the +6 ring mail of the Cockatrice {Will+ MP+9
                  | Dex+3}
  1444 | D:2      | Found Joeven's Armour Shop.
  1449 | D:2      | 1449 ||| BUYING +0 helmet (58 gold).
  1449 | D:2      | Bought a +0 helmet for 58 gold pieces
  1449 | D:2      | 1449 ||| SHOPLISTING +0 helmet of the Lotus Blossom
                  | {Slay+2} (258 gold, have 10).
  1449 | D:2      | 1449 ||| SHOPLISTING +1 pair of boots of stealth (214 gold,
                  | have 10).
  1527 | D:2      | Reached skill level 4 in Axes
  1624 | D:2      | 1624 ||| Stepping ~*~*~tactically~*~*~ (stealth).
  1854 | D:2      | 1854 ||| UPGRADING to +6 ring mail of the Cockatrice {Will+
                  | MP+9 Dex+3}.
  1864 | D:2      | 1864 ||| DROPPING +0 scale mail.
  1865 | D:2      | 1865 ||| UPGRADING to +0 helmet.
  2008 | D:3      | 2008 ||| Stepping ~*~*~tactically~*~*~ (stealth).
  2015 | D:3      | 2015 ||| Stepping ~*~*~tactically~*~*~ (stealth).
  2016 | D:3      | 2016 ||| Stepping ~*~*~tactically~*~*~ (stealth).
  2017 | D:3      | 2017 ||| Stepping ~*~*~tactically~*~*~ (stealth).
  2018 | D:3      | 2018 ||| Stepping ~*~*~tactically~*~*~ (stealth).
  2019 | D:3      | 2019 ||| Stepping ~*~*~tactically~*~*~ (stealth).
  2046 | D:3      | You fall into a shaft and drop 2 floors!
  2046 | D:5      | Entered Level 5 of the Dungeon
  2059 | D:5      | Reached skill level 1 in Dodging
  2107 | D:5      | 2107 ||| STAIRDANCE
  2109 | D:4      | 2109 ||| FLEEEEING.
  2111 | D:4      | 2111 ||| FLEEEEING.
  2112 | D:4      | 2112 ||| FLEEEEING.
  2113 | D:4      | 2113 ||| FLEEEEING.
  2114 | D:4      | 2114 ||| FLEEEEING.
  2115 | D:4      | 2115 ||| FLEEEEING.
  2116 | D:4      | 2116 ||| STAIRDANCE
  2131 | D:3      | Reached XP level 5. HP: 32/32 MP: 5/5
  2146 | D:3      | 2146 ||| Stepping ~*~*~tactically~*~*~ (stealth).
  2154 | D:3      | 2154 ||| Stepping ~*~*~tactically~*~*~ (hiding).
  2168 | D:3      | Noticed Sigmund
  2169 | D:3      | 2169 ||| Stepping ~*~*~tactically~*~*~ (hiding).
  2178 | D:3      | Killed Sigmund
  2179 | D:3      | Reached skill level 5 in Axes
  2179 | D:3      | Reached XP level 6. HP: 32/37 MP: 6/6
  2219 | D:3      | Found a hazy altar of Hepliaklqana.
  2452 | D:3      | Found a sparkling altar of Nemelex Xobeh.
  2467 | D:3      | 2467 ||| Stepping ~*~*~tactically~*~*~ (hiding).
  2469 | D:3      | 2469 ||| Stepping ~*~*~tactically~*~*~ (hiding).
  2684 | D:3      | 2684 ||| READING scroll labelled TIBLARR HIXABB.
  2718 | D:4      | 2718 ||| Stepping ~*~*~tactically~*~*~ (stealth).
  2925 | D:4      | Found a staircase to the Ecumenical Temple.
  2926 | D:4      | 2926 ||| PLANNING TEMPLE
  2926 | D:4      | 2926 ||| UPGRADING to ring of resist corrosion.
  2927 | D:4      | 2927 ||| DROPPING +6 ring of intelligence.
  2928 | D:4      | 2928 ||| READING scroll labelled ZECACO SUXEM.
  2938 | Temple   | Entered the Ecumenical Temple
  3021 | Temple   | 3021 ||| PLANNING OKAWARU WORSHIP
  3100 | Temple   | Became a worshipper of Warmaster Okawaru
  3100 | Temple   | 3100 ||| PLANNING D:1-11
  3500 | D:4      | 3500 ||| Stepping ~*~*~tactically~*~*~ (hiding).
  3643 | D:4      | 3643 ||| Stepping ~*~*~tactically~*~*~ (stealth).
  3743 | D:4      | 3743 ||| READING scroll labelled ACUROGR WETOAV.
  3744 | D:4      | 3744 ||| READING scroll labelled KENKEO RI VOE.
  3745 | D:4      | 3745 ||| READING scroll labelled SUECKA PUCSUR.
  3745 | D:4      | Identified a scroll of acquirement
  3745 | D:4      | 3745 ||| ACQUIRING +2 pair of boots of Aqiss {rC+ Str+6}
  3745 | D:4      | Acquired the +2 pair of boots of Aqiss {rC+ Str+6}
  3747 | D:4      | 3747 ||| UPGRADING to +2 pair of boots of Aqiss {rC+
                  | Str+6}.
  3752 | D:4      | 3752 ||| READING scroll labelled INAETUC DOXAXUP.
  3753 | D:4      | 3753 ||| READING scroll labelled FEWUUL KOSK.
  3754 | D:4      | 3754 ||| READING 2 scrolls of identify.
  3754 | D:4      | 3754 ||| IDENTIFYING orange potion
  3755 | D:4      | 3755 ||| DROPPING potion of ambrosia.
  3830 | D:5      | Reached skill level 6 in Axes
  3830 | D:5      | Reached XP level 7. HP: 43/43 MP: 7/7
  4699 | D:5      | 4699 ||| DROPPING scarf of harm.
  4700 | D:5      | 4700 ||| DROPPING scarf of invisibility.
  4701 | D:5      | 4701 ||| UPGRADING to amulet of reflection.
  4706 | D:5      | 4706 ||| DRINKING 3 sedimented emerald potions.
  4707 | D:5      | 4707 ||| DRINKING 2 metallic silvery potions.
  4707 | D:5      | Gained mutation: You have an increased reservoir of magic.
                  | (+10% MP) [potion of mutation]
  4707 | D:5      | Gained mutation: You have supernaturally acute eyesight.
                  | (SInv) [potion of mutation]
  4707 | D:5      | Gained mutation: Your spells are a little harder to cast,
                  | but a little more powerful. [potion of mutation]
  4708 | D:5      | 4708 ||| READING 5 scrolls of identify.
  4708 | D:5      | 4708 ||| IDENTIFYING amethyst potion
  4709 | D:5      | 4709 ||| READING 4 scrolls of identify.
  4709 | D:5      | 4709 ||| IDENTIFYING cyan potion
  4710 | D:5      | 4710 ||| READING 3 scrolls of identify.
  4710 | D:5      | 4710 ||| IDENTIFYING fizzy coppery potion
  4711 | D:5      | 4711 ||| DROPPING potion of brilliance.
  4712 | D:5      | 4712 ||| DROPPING 2 potions of degeneration.
  4713 | D:5      | 4713 ||| DROPPING potion of berserk rage.
  4714 | D:5      | 4714 ||| DROPPING potion of flight.
  4744 | D:6      | Reached skill level 7 in Axes
  4797 | D:6      | 4797 ||| Stepping ~*~*~tactically~*~*~ (stealth).
  4823 | D:6      | Reached XP level 8. HP: 43/50 MP: 8/8
  4826 | D:6      | Reached * piety under Okawaru
  4834 | D:6      | Reached skill level 1 in Invocations
  4900 | D:6      | 4900 ||| INVOKING Heroism.
  5063 | D:6      | 5063 ||| Stepping ~*~*~tactically~*~*~ (stealth).
  5067 | D:6      | 5067 ||| INVOKING Heroism.
  5152 | D:6      | Found a sacrificial altar of Ru.
  5186 | D:6      | Identified the +0 cloak of Echio {rElec rC+}
  5285 | D:6      | 5285 ||| UPGRADING to +0 plate armour.
  5295 | D:6      | 5295 ||| DROPPING +6 ring mail of the Cockatrice {Will+
                  | MP+9 Dex+3}.
  5296 | D:6      | 5296 ||| DROPPING +2 pair of boots.
  5319 | D:7      | 5319 ||| Stepping ~*~*~tactically~*~*~ (hiding).
  5346 | D:7      | Noticed a cyclops
  5347 | D:7      | 5347 ||| INVOKING Heroism.
  5355 | D:7      | Killed a cyclops
  5459 | D:7      | 5459 ||| INVOKING Heroism.
  5468 | D:7      | Reached skill level 8 in Axes
  5504 | D:7      | Reached XP level 9. HP: 54/54 MP: 13/13
  5587 | D:7      | 5587 ||| Stepping ~*~*~tactically~*~*~ (hiding).
  5594 | D:7      | 5594 ||| INVOKING Heroism.
  5634 | D:7      | 5634 ||| DROPPING +0 whip.
  5653 | D:7      | Noticed a hornet
  5665 | D:7      | Killed a hornet
  5665 | D:7      | Reached ** piety under Okawaru
  5666 | D:7      | Reached skill level 6 in Fighting
  5677 | D:7      | 5677 ||| FLEEEEING.
  5678 | D:7      | 5678 ||| FLEEEEING.
  5700 | D:7      | 5700 ||| Stepping ~*~*~tactically~*~*~ (stealth).
  5710 | D:7      | 5710 ||| INVOKING Heroism.
  5854 | D:7      | 5854 ||| Stepping ~*~*~tactically~*~*~ (hiding).
  5855 | D:7      | 5855 ||| Stepping ~*~*~tactically~*~*~ (hiding).
  5863 | D:7      | 5863 ||| INVOKING Heroism.
  5864 | D:7      | 5864 ||| DRINKING 4 potions of curing.
  5864 | D:7      | 5864 ||| (to cure confusion)
  5874 | D:7      | HP: 10/56 [orc priest/divine providence (10)]
  5875 | D:7      | 5875 ||| READING 3 scrolls of teleportation.
  5875 | D:7      | HP: 3/56 [orc priest/divine providence (7)]
  6057 | D:7      | 6057 ||| INVOKING Heroism.
  6113 | D:7      | Found a white marble altar of Elyvilon.
  6114 | D:7      | 6114 ||| Stepping ~*~*~tactically~*~*~ (stealth).
  6116 | D:7      | 6116 ||| Stepping ~*~*~tactically~*~*~ (stealth).
  6158 | D:7      | 6158 ||| Stepping ~*~*~tactically~*~*~ (stealth).
  6162 | D:7      | 6162 ||| Stepping ~*~*~tactically~*~*~ (stealth).
  6215 | D:7      | 6215 ||| FLEEEEING.
  6216 | D:7      | 6216 ||| FLEEEEING.
  6217 | D:7      | 6217 ||| FLEEEEING.
  6218 | D:7      | 6218 ||| FLEEEEING.
  6219 | D:7      | 6219 ||| FLEEEEING.
  6220 | D:7      | 6220 ||| FLEEEEING.
  6222 | D:7      | 6222 ||| FLEEEEING.
  6223 | D:7      | 6223 ||| FLEEEEING.
  6224 | D:7      | 6224 ||| FLEEEEING.
  6225 | D:7      | 6225 ||| FLEEEEING.
  6226 | D:7      | 6226 ||| FLEEEEING.
  6227 | D:7      | 6227 ||| FLEEEEING.
  6228 | D:7      | 6228 ||| FLEEEEING.
  6229 | D:7      | 6229 ||| FLEEEEING.
  6230 | D:7      | 6230 ||| FLEEEEING.
  6231 | D:7      | 6231 ||| FLEEEEING.
  6232 | D:7      | 6232 ||| FLEEEEING.
  6233 | D:7      | 6233 ||| FLEEEEING.
  6234 | D:7      | 6234 ||| FLEEEEING.
  6235 | D:7      | 6235 ||| FLEEEEING.
  6236 | D:7      | 6236 ||| FLEEEEING.
  6237 | D:7      | 6237 ||| FLEEEEING.
  6238 | D:7      | 6238 ||| FLEEEEING.
  6239 | D:7      | 6239 ||| FLEEEEING.
  6240 | D:7      | 6240 ||| FLEEEEING.
  6241 | D:7      | 6241 ||| FLEEEEING.
  6242 | D:7      | 6242 ||| FLEEEEING.
  6265 | D:7      | 6265 ||| INVOKING Heroism.
  6270 | D:7      | Reached skill level 9 in Axes
  6358 | D:7      | 6358 ||| INVOKING Heroism.
  6576 | D:7      | 6576 ||| DROPPING +2 mace of protection.
  6666 | D:7      | 6666 ||| READING scroll labelled DAISKEMIUF.
  6752 | D:8      | Identified the +0 cloak of Daig {Contam Fly Regen+ Int+3}
  6758 | D:8      | 6758 ||| READING scroll of acquirement.
  6758 | D:8      | 6758 ||| ACQUIRING +2 hand axe "Aryj" {holy, rF+}
  6758 | D:8      | Acquired the +2 hand axe "Aryj" {holy, rF+}
  6819 | D:8      | Found a transporter.
  6821 | D:8      | Found a transporter.
  6826 | D:8      | Found a transporter.
  6882 | D:8      | Found a transporter.
  6885 | D:8      | Noticed Psyche
  6935 | D:8      | 6935 ||| Stepping ~*~*~tactically~*~*~ (stealth).
  6939 | D:8      | 6939 ||| Stepping ~*~*~tactically~*~*~ (stealth).
  6942 | D:8      | 6942 ||| INVOKING Heroism.
  6964 | D:8      | Reached skill level 6 in Armour
  7021 | D:8      | 7021 ||| Stepping ~*~*~tactically~*~*~ (hiding).
  7280 | D:8      | Found a glowing silver altar of Zin.
  7280 | D:8      | Found a broken altar of Ashenzari.
  7280 | D:8      | Found a burning altar of Makhleb.
  7318 | D:8      | 7318 ||| INVOKING Heroism.
  7323 | D:8      | Killed Psyche
  7709 | D:8      | 7709 ||| UPGRADING to +0 cloak of Daig {Contam Fly Regen+
                  | Int+3}.
  7719 | D:8      | 7719 ||| DROPPING ring of magical power.
  7720 | D:8      | 7720 ||| UPGRADING to +4 ring of protection.
  7756 | D:9      | Found a radiant altar of Vehumet.
  7803 | D:9      | Reached XP level 10. HP: 63/63 MP: 14/14
  7814 | D:9      | 7814 ||| Stepping ~*~*~tactically~*~*~ (stealth).
  7827 | D:9      | Reached skill level 10 in Axes
  8116 | D:9      | 8116 ||| Stepping ~*~*~tactically~*~*~ (hiding).
  8120 | D:9      | 8120 ||| INVOKING Heroism.
  8125 | D:9      | 8125 ||| Stepping ~*~*~tactically~*~*~ (cloud).
  8133 | D:9      | 8133 ||| Stepping ~*~*~tactically~*~*~ (cloud).
  8176 | D:9      | Noticed a centaur warrior
  8176 | D:9      | Noticed a salamander
  8177 | D:9      | 8177 ||| Stepping ~*~*~tactically~*~*~ (hiding).
  8180 | D:9      | Noticed a fire crab
  8181 | D:9      | 8181 ||| Stepping ~*~*~tactically~*~*~ (hiding).
  8183 | D:9      | 8183 ||| INVOKING Heroism.
  8189 | D:9      | Killed a centaur warrior
  8194 | D:9      | a fire crab changed into a guardian serpent
  8194 | D:9      | Noticed a guardian serpent (shapeshifter)
  8210 | D:9      | 8210 ||| INVOKING Heroism.
  8211 | D:9      | Killed a guardian serpent
  8214 | D:9      | Noticed a centaur warrior
  8216 | D:9      | Noticed a gargoyle
  8222 | D:9      | 8222 ||| Stepping ~*~*~tactically~*~*~ (hiding).
  8234 | D:9      | Killed a centaur warrior
  8235 | D:9      | Reached skill level 11 in Axes
  8237 | D:9      | Killed a gargoyle
  8238 | D:9      | Reached XP level 11. HP: 46/69 MP: 15/15
  8265 | D:9      | Identified the +2 rapier "Uchovuamp" {venom, Str+2}
  8270 | D:9      | Noticed a cyclops
  8271 | D:9      | 8271 ||| INVOKING Heroism.
  8279 | D:9      | Killed a cyclops
  8390 | D:9      | 8390 ||| Stepping ~*~*~tactically~*~*~ (stealth).
  8391 | D:9      | 8391 ||| Stepping ~*~*~tactically~*~*~ (stealth).
  8392 | D:9      | 8392 ||| Stepping ~*~*~tactically~*~*~ (stealth).
  8503 | D:9      | Reached *** piety under Okawaru
  8513 | D:9      | Reached skill level 9 in Fighting
  8536 | D:9      | 8536 ||| Stepping ~*~*~tactically~*~*~ (stealth).
  8537 | D:9      | 8537 ||| Stepping ~*~*~tactically~*~*~ (stealth).
  8555 | D:9      | Found a bloodstained altar of Trog.
  8556 | D:9      | 8556 ||| Stepping ~*~*~tactically~*~*~ (hiding).
  8626 | D:9      | Noticed Erica
  8627 | D:9      | 8627 ||| INVOKING Heroism.
  8636 | D:9      | 8636 ||| DRINKING 3 potions of curing.
  8636 | D:9      | 8636 ||| (to cure confusion)
  8644 | D:9      | Killed Erica
  8869 | D:9      | 8869 ||| UPGRADING to +5 ring of evasion.
  8871 | D:9      | 8871 ||| DROPPING ring of flight.
  8921 | D:10     | Entered Level 10 of the Dungeon
  8924 | D:10     | Identified the +9 trident of Brutal Revenge {spect, Contam
                  | rElec rPois rF+}
  8998 | D:10     | 8998 ||| Stepping ~*~*~tactically~*~*~ (hiding).
  8998 | D:10     | Found Noduby's Assorted Antiques.
  9018 | D:10     | Reached **** piety under Okawaru
  9023 | D:10     | 9023 ||| INVOKING Heroism.
  9027 | D:10     | HP: 16/71 [harpy skeleton (6)]
  9028 | D:10     | 9028 ||| READING 3 scrolls of teleportation.
  9043 | D:10     | 9043 ||| Stepping ~*~*~tactically~*~*~ (stealth).
  9044 | D:10     | 9044 ||| Stepping ~*~*~tactically~*~*~ (stealth).
  9045 | D:10     | 9045 ||| INVOKING Heroism.
  9047 | D:10     | Reached skill level 12 in Axes
  9121 | D:10     | Noticed a two-headed ogre
  9123 | D:10     | 9123 ||| INVOKING Heroism.
  9130 | D:10     | Killed a two-headed ogre
  9131 | D:10     | Reached skill level 6 in Shields
  9163 | D:10     | Reached skill level 6 in Invocations
  9197 | D:10     | Found a glowing golden altar of the Shining One.
  9197 | D:10     | Noticed a wizard
  9198 | D:10     | 9198 ||| Stepping ~*~*~tactically~*~*~ (hiding).
  9207 | D:10     | 9207 ||| Stepping ~*~*~tactically~*~*~ (hiding).
  9208 | D:10     | 9208 ||| Stepping ~*~*~tactically~*~*~ (hiding).
  9219 | D:10     | Killed a wizard
  9222 | D:10     | Reached skill level 9 in Armour
  9252 | D:10     | Reached ***** piety under Okawaru
  9310 | D:10     | Reached XP level 12. HP: 68/76 MP: 17/19
  9517 | D:10     | 9517 ||| BUYING 3 scrolls labelled FIM OSCHICONT (87 gold).
  9517 | D:10     | Bought 3 scrolls labelled FIM OSCHICONT for 87 gold pieces
  9517 | D:10     | 9517 ||| BUYING broad axe (116 gold).
  9517 | D:10     | Bought a broad axe for 116 gold pieces
  9517 | D:10     | 9517 ||| BUYING gold wand (116 gold).
  9517 | D:10     | Bought a gold wand for 116 gold pieces
  9517 | D:10     | 9517 ||| SHOPLISTING runed chain mail (217 gold, have 161).
  9517 | D:10     | 9517 ||| BUYING scroll labelled NOIKUSTRENU (29 gold).
  9517 | D:10     | Bought a scroll labelled NOIKUSTRENU for 29 gold pieces
  9517 | D:10     | 9517 ||| BUYING scroll labelled NOIKUSTRENU (29 gold).
  9517 | D:10     | Bought a scroll labelled NOIKUSTRENU for 29 gold pieces
  9517 | D:10     | 9517 ||| BUYING scroll of identify (58 gold).
  9517 | D:10     | Bought a scroll of identify for 58 gold pieces
  9517 | D:10     | 9517 ||| SHOPLISTING short fluorescent wand (116 gold, have
                  | 45).
  9517 | D:10     | 9517 ||| SWAPPING to +0 broad axe.
  9518 | D:10     | 9518 ||| DROPPING +1 war axe.
  9570 | D:10     | 9570 ||| DROPPING amulet of magic regeneration.
  9571 | D:10     | 9571 ||| DROPPING +6 ring of strength.
  9572 | D:10     | 9572 ||| READING 3 scrolls labelled FIM OSCHICONT.
  9573 | D:10     | 9573 ||| READING 2 scrolls labelled NOIKUSTRENU.
  9574 | D:10     | 9574 ||| DROPPING 2 scrolls of blinking.
  9575 | D:10     | 9575 ||| DROPPING scroll of magic mapping.
  9607 | D:11     | 9607 ||| STAIRDANCE
  9609 | D:10     | 9609 ||| DRINKING 2 potions of curing.
  9609 | D:10     | 9609 ||| (to cure confusion)
  9670 | D:11     | 9670 ||| Stepping ~*~*~tactically~*~*~ (stealth).
  9716 | D:11     | 9716 ||| Stepping ~*~*~tactically~*~*~ (stealth).
  9843 | D:11     | 9843 ||| Stepping ~*~*~tactically~*~*~ (hiding).
  9844 | D:11     | 9844 ||| Stepping ~*~*~tactically~*~*~ (hiding).
  9853 | D:11     | Identified the scarf of Qap Liag {repulsion, rPois rF+
                  | Regen+} (Okawaru gifted it to you on level 11 of the
                  | Dungeon)
  9853 | D:11     | Received a gift from Okawaru
  9865 | D:11     | Found Myohun's Assorted Antiques.
  9870 | D:11     | 9870 ||| SHOPLISTING embroidered cloak (240 gold, have 99).
  9870 | D:11     | 9870 ||| BUYING scroll of identify (64 gold).
  9870 | D:11     | Bought a scroll of identify for 64 gold pieces
  9870 | D:11     | 9870 ||| SHOPLISTING wand of digging (5) (672 gold, have
                  | 35).
  9870 | D:11     | 9870 ||| BUYING yellow potion (28 gold).
  9870 | D:11     | Bought a yellow potion for 28 gold pieces
  9887 | D:11     | 9887 ||| Stepping ~*~*~tactically~*~*~ (hiding).
  9915 | D:11     | 9915 ||| Stepping ~*~*~tactically~*~*~ (hiding).
  9916 | D:11     | 9916 ||| Stepping ~*~*~tactically~*~*~ (hiding).
  9917 | D:11     | 9917 ||| Stepping ~*~*~tactically~*~*~ (hiding).
  9918 | D:11     | 9918 ||| Stepping ~*~*~tactically~*~*~ (hiding).
  9919 | D:11     | 9919 ||| Stepping ~*~*~tactically~*~*~ (hiding).
  9920 | D:11     | 9920 ||| Stepping ~*~*~tactically~*~*~ (hiding).
  9921 | D:11     | 9921 ||| Stepping ~*~*~tactically~*~*~ (hiding).
  9928 | D:11     | Gained mutation: You sometimes lose your temper in combat.
                  | [a neqoxec]
  9931 | D:11     | Gained mutation: You occasionally lose the ability to drink
                  | potions when taking damage. [a neqoxec]
 10045 | D:11     | 10045 ||| DRINKING 3 potions of mutation.
 10045 | D:11     | Lost mutation: You occasionally lose the ability to drink
                  | potions when taking damage. [potion of mutation]
 10045 | D:11     | Lost mutation: Your spells are a little harder to cast, but
                  | a little more powerful. [potion of mutation]
 10045 | D:11     | Lost mutation: You sometimes lose your temper in combat.
                  | [potion of mutation]
 10045 | D:11     | Gained mutation: You are robust. (+10% HP) [potion of
                  | mutation]
 10045 | D:11     | Gained mutation: You have hidden genetic defects. [potion
                  | of mutation]
 10199 | D:11     | Noticed a two-headed ogre
 10202 | D:11     | 10202 ||| Stepping ~*~*~tactically~*~*~ (stealth).
 10212 | D:11     | Killed a two-headed ogre
 10214 | D:11     | 10214 ||| FLEEEEING.
 10219 | D:11     | 10219 ||| Stepping ~*~*~tactically~*~*~ (hiding).
 10220 | D:11     | 10220 ||| Stepping ~*~*~tactically~*~*~ (hiding).
 10221 | D:11     | 10221 ||| Stepping ~*~*~tactically~*~*~ (hiding).
 10331 | D:11     | Noticed a soul eater
 10332 | D:11     | 10332 ||| Stepping ~*~*~tactically~*~*~ (hiding).
 10333 | D:11     | 10333 ||| Stepping ~*~*~tactically~*~*~ (hiding).
 10334 | D:11     | 10334 ||| Stepping ~*~*~tactically~*~*~ (hiding).
 10336 | D:11     | 10336 ||| Stepping ~*~*~tactically~*~*~ (hiding).
 10337 | D:11     | Gained mutation: Your body sometimes deteriorates upon
                  | taking damage. [a neqoxec]
 10342 | D:11     | Gained mutation: You are vulnerable to heat. (rF-) [a
                  | neqoxec]
 10346 | D:11     | 10346 ||| INVOKING Heroism.
 10355 | D:11     | Noticed a sun demon
 10355 | D:11     | 10355 ||| INVOKING Finesse.
 10364 | D:11     | Reached skill level 9 in Invocations
 10379 | D:11     | 10379 ||| DRINKING 2 potions of mutation.
 10379 | D:11     | Lost mutation: You have hidden genetic defects. [potion of
                  | mutation]
 10379 | D:11     | Lost mutation: You are vulnerable to heat. (rF-) [potion of
                  | mutation]
 10379 | D:11     | Gained mutation: You are partially covered in iridescent
                  | scales. (AC +2) [potion of mutation]
 10379 | D:11     | Gained mutation: You have sharp toenails. [potion of
                  | mutation]
 10379 | D:11     | Gained mutation: You are strong-willed. (Will+) [potion of
                  | mutation]
 10547 | D:11     | 10547 ||| INVOKING Heroism.
 10616 | D:11     | 10616 ||| Stepping ~*~*~tactically~*~*~ (hiding).
 10749 | D:11     | Found a staircase to the Lair.
 10799 | D:11     | 10799 ||| PLANNING LAIR
 10799 | D:11     | 10799 ||| UPGRADING to scarf of Qap Liag {repulsion, rPois
                  | rF+ Regen+}.
 10809 | D:11     | 10809 ||| READING 2 scrolls labelled XIORUYF OCOCH.
 10825 | D:11     | Gained mutation: You are clumsy. (Dex -2) [mutagenic glow]
 10910 | D:11     | 10910 ||| DRINKING 2 yellow potions.
 10911 | D:11     | 10911 ||| DROPPING scroll of silence.
 10913 | Lair:1   | Entered Level 1 of the Lair of Beasts
 10914 | Lair:1   | 10914 ||| INVOKING Heroism.
 10978 | Lair:1   | Noticed Maggie
 10998 | Lair:1   | Killed Maggie
 11001 | Lair:1   | 11001 ||| DROPPING +0 flail.
 11098 | Lair:1   | Reached skill level 13 in Axes
 11117 | Lair:1   | 11117 ||| Stepping ~*~*~tactically~*~*~ (stealth).
 11187 | Lair:1   | 11187 ||| INVOKING Heroism.
 11511 | Lair:1   | 11511 ||| INVOKING Heroism.
 11677 | Lair:1   | 11677 ||| INVOKING Heroism.
 11685 | Lair:1   | Reached XP level 13. HP: 90/90 MP: 20/22
 11760 | Lair:1   | 11760 ||| DROPPING orb of mayhem.
 11761 | Lair:1   | 11761 ||| DRINKING 2 blue potions.
 11823 | Lair:2   | 11823 ||| INVOKING Heroism.
 11830 | Lair:2   | Reached skill level 14 in Axes
 11831 | Lair:2   | 11831 ||| Stepping ~*~*~tactically~*~*~ (stealth).
 11842 | Lair:2   | Received a gift from Okawaru
 11940 | Lair:2   | 11940 ||| Stepping ~*~*~tactically~*~*~ (stealth).
 11942 | Lair:2   | 11942 ||| INVOKING Heroism.
 12000 | Lair:2   | 12000 ||| Stepping ~*~*~tactically~*~*~ (stealth).
 12003 | Lair:2   | 12003 ||| INVOKING Heroism.
 12097 | Lair:2   | 12097 ||| INVOKING Heroism.
 12177 | Lair:2   | 12177 ||| INVOKING Heroism.
 12215 | Lair:2   | 12215 ||| Stepping ~*~*~tactically~*~*~ (hiding).
 12218 | Lair:2   | 12218 ||| Stepping ~*~*~tactically~*~*~ (hiding).
 12225 | Lair:2   | Reached skill level 1 in Throwing
 12329 | Lair:2   | 12329 ||| Stepping ~*~*~tactically~*~*~ (hiding).
 12335 | Lair:2   | Received a gift from Okawaru
 12365 | Lair:2   | 12365 ||| INVOKING Heroism.
 12388 | Lair:2   | Found a staircase to the Swamp.
 12468 | Lair:2   | Found a dark tunnel.
 12905 | Lair:3   | Found a runed translucent gate.
 12905 | Lair:3   | Found a runed translucent gate.
 12905 | Lair:3   | Found a runed translucent gate.
 12953 | Lair:3   | 12953 ||| Stepping ~*~*~tactically~*~*~ (stealth).
 12956 | Lair:3   | 12956 ||| Stepping ~*~*~tactically~*~*~ (stealth).
 13016 | Lair:3   | 13016 ||| Stepping ~*~*~tactically~*~*~ (stealth).
 13104 | Lair:3   | 13104 ||| Stepping ~*~*~tactically~*~*~ (stealth).
 13112 | Lair:3   | 13112 ||| Stepping ~*~*~tactically~*~*~ (stealth).
 13114 | Lair:3   | 13114 ||| INVOKING Heroism.
 13312 | Lair:3   | 13312 ||| Stepping ~*~*~tactically~*~*~ (stealth).
 13315 | Lair:3   | 13315 ||| Stepping ~*~*~tactically~*~*~ (stealth).
 13326 | Lair:3   | 13326 ||| INVOKING Heroism.
 13329 | Lair:3   | 13329 ||| Stepping ~*~*~tactically~*~*~ (stealth).
 13330 | Lair:3   | 13330 ||| Stepping ~*~*~tactically~*~*~ (stealth).
 13395 | Lair:3   | Received a gift from Okawaru
 13397 | Lair:3   | 13397 ||| SWAPPING to +2 heavy broad axe.
 13398 | Lair:3   | 13398 ||| DROPPING +2 hand axe "Aryj" {holy, rF+}.
 13399 | Lair:3   | 13399 ||| DROPPING +0 broad axe.
 13408 | Lair:3   | Found a hole to the Spider Nest.
 13528 | Lair:3   | Noticed qw's ghost (journeyman GrFi)
 13753 | Lair:3   | Found the +2 hood of the Assassin {Detect Stab+ Stlth++}
 13775 | Lair:3   | 13775 ||| READING scroll labelled MUWUXK KURRIEME.
 13860 | Lair:4   | 13860 ||| Stepping ~*~*~tactically~*~*~ (hiding).
 14086 | Lair:4   | 14086 ||| INVOKING Heroism.
 14090 | Lair:4   | Reached skill level 3 in Throwing
 14098 | Lair:4   | 14098 ||| Stepping ~*~*~tactically~*~*~ (stealth).
 14102 | Lair:4   | 14102 ||| Stepping ~*~*~tactically~*~*~ (stealth).
 14160 | Lair:4   | 14160 ||| Stepping ~*~*~tactically~*~*~ (stealth).
 14166 | Lair:4   | Noticed Kirke
 14167 | Lair:4   | 14167 ||| Stepping ~*~*~tactically~*~*~ (stealth).
 14169 | Lair:4   | 14169 ||| Stepping ~*~*~tactically~*~*~ (stealth).
 14173 | Lair:4   | 14173 ||| INVOKING Heroism.
 14174 | Lair:4   | 14174 ||| INVOKING Finesse.
 14181 | Lair:4   | Killed Kirke
 14256 | Lair:4   | 14256 ||| INVOKING Heroism.
 14350 | Lair:4   | Gained mutation: Your large and strong wings let you fly.
                  | [Gargoyle growth]
 14350 | Lair:4   | Reached XP level 14. HP: 99/99 MP: 23/23
 14357 | Lair:4   | Reached skill level 15 in Axes
 14364 | Lair:4   | Found a frozen archway.
 14403 | Lair:4   | 14403 ||| Stepping ~*~*~tactically~*~*~ (stealth).
 14603 | Lair:4   | 14603 ||| Stepping ~*~*~tactically~*~*~ (stealth).
 14768 | Lair:5   | Entered Level 5 of the Lair of Beasts
 14768 | Lair:5   | Found a staircase to the Slime Pits.
 14769 | Lair:5   | 14769 ||| PLANNING GAUNTLET
 14899 | Lair:5   | 14899 ||| INVOKING Heroism.
 14902 | Lair:5   | 14902 ||| INVOKING Finesse.
 14910 | Lair:5   | 14910 ||| SWAPPING to +2 war axe of flaming.
 14913 | Lair:5   | Reached skill level 12 in Fighting
 14913 | Lair:5   | 14913 ||| SWAPPING to +2 heavy broad axe.
 14953 | Lair:5   | 14953 ||| Stepping ~*~*~tactically~*~*~ (stealth).
 14964 | Lair:5   | 14964 ||| Stepping ~*~*~tactically~*~*~ (stealth).
 14965 | Lair:5   | 14965 ||| Stepping ~*~*~tactically~*~*~ (stealth).
 14966 | Lair:5   | 14966 ||| Stepping ~*~*~tactically~*~*~ (stealth).
 15047 | Lair:5   | Received a gift from Okawaru
 15080 | Lair:5   | 15080 ||| Stepping ~*~*~tactically~*~*~ (stealth).
 15098 | Lair:5   | 15098 ||| INVOKING Heroism.
 15099 | Lair:5   | 15099 ||| INVOKING Finesse.
 15127 | Lair:5   | 15127 ||| INVOKING Heroism.
 15128 | Lair:5   | 15128 ||| INVOKING Finesse.
 15131 | Lair:5   | 15131 ||| Stepping ~*~*~tactically~*~*~ (stealth).
 15208 | Lair:5   | 15208 ||| RIP GAUNTLET
 15209 | Lair:5   | 15209 ||| PLANNING LAIR
 15229 | Lair:5   | 15229 ||| INVOKING Heroism.
 15233 | Lair:5   | Received a gift from Okawaru
 15273 | Lair:5   | Reached skill level 16 in Axes
 15338 | Lair:5   | 15338 ||| Stepping ~*~*~tactically~*~*~ (stealth).
 15341 | Lair:5   | 15341 ||| INVOKING Heroism.
 15352 | Lair:5   | Received a gift from Okawaru
 15446 | Lair:5   | 15446 ||| INVOKING Heroism.
 15447 | Lair:5   | 15447 ||| INVOKING Finesse.
 15451 | Lair:5   | 15451 ||| SWAPPING to +2 war axe of flaming.
 15458 | Lair:5   | 15458 ||| SWAPPING to +2 heavy broad axe.
 15651 | Lair:5   | 15651 ||| Stepping ~*~*~tactically~*~*~ (stealth).
 15684 | Lair:5   | Received a gift from Okawaru
 15685 | Lair:5   | Reached skill level 6 in Throwing
 15696 | Lair:5   | Found a runed translucent door.
 15703 | Lair:5   | 15703 ||| INVOKING Heroism.
 15715 | Lair:5   | 15715 ||| Stepping ~*~*~tactically~*~*~ (stealth).
 15719 | Lair:5   | 15719 ||| Stepping ~*~*~tactically~*~*~ (stealth).
 15736 | Lair:5   | Received a gift from Okawaru
 15737 | Lair:5   | Reached XP level 15. HP: 93/105 MP: 24/24
 15755 | Lair:5   | 15755 ||| FLEEEEING.
 15756 | Lair:5   | 15756 ||| FLEEEEING.
 15760 | Lair:5   | 15760 ||| FLEEEEING.
 15761 | Lair:5   | 15761 ||| FLEEEEING.
 15762 | Lair:5   | 15762 ||| FLEEEEING.
 15763 | Lair:5   | 15763 ||| FLEEEEING.
 16228 | Lair:5   | 16228 ||| PLANNING D
 16228 | Lair:5   | 16228 ||| UPGRADING to +0 pair of gloves.
 16233 | Lair:5   | 16233 ||| UPGRADING to amulet of faith.
 16243 | Lair:5   | 16243 ||| DRINKING 3 fuming ruby potions.
 16488 | D:12     | 16488 ||| Stepping ~*~*~tactically~*~*~ (hiding).
 16575 | D:12     | Found a runed translucent gate.
 16575 | D:12     | Found a runed translucent gate.
 16578 | D:12     | Noticed an azure jelly
 16578 | D:12     | Found a runed translucent gate.
 16578 | D:12     | Noticed Xeikkuus's ghost (journeyman MiFi)
 16578 | D:12     | Noticed an azure jelly
 16578 | D:12     | Noticed an acid blob
 16578 | D:12     | Noticed an azure jelly
 16578 | D:12     | Noticed an azure jelly
 16578 | D:12     | Noticed an azure jelly
 16578 | D:12     | Noticed an azure jelly
 16579 | D:12     | Noticed an acid blob
 16579 | D:12     | Noticed an acid blob
 16707 | D:12     | 16707 ||| READING scroll of acquirement.
 16707 | D:12     | 16707 ||| ACQUIRING +1 cloak of Uraneh {-Tele Contam rPois
                  | rC+++}
 16707 | D:12     | Acquired the +1 cloak of Uraneh {-Tele Contam rPois rC+++}
 16709 | D:12     | 16709 ||| DROPPING +1 cloak.
 16736 | D:12     | 16736 ||| Stepping ~*~*~tactically~*~*~ (hiding).
 16745 | D:12     | Received a gift from Okawaru
 16748 | D:12     | 16748 ||| Stepping ~*~*~tactically~*~*~ (hiding).
 16763 | D:12     | Found a staircase to the Orcish Mines.
 17092 | D:12     | Found a viscous altar of Jiyva.
 17108 | D:13     | 17108 ||| Stepping ~*~*~tactically~*~*~ (hiding).
 17115 | D:13     | Identified the +0 robe "Kagyi" {*Slow rElec Dex+6 Stlth-}
                  | (Okawaru gifted it to you on level 13 of the Dungeon)
 17115 | D:13     | Received a gift from Okawaru
 17136 | D:13     | 17136 ||| Stepping ~*~*~tactically~*~*~ (stealth).
 17138 | D:13     | 17138 ||| Stepping ~*~*~tactically~*~*~ (hiding).
 17139 | D:13     | 17139 ||| Stepping ~*~*~tactically~*~*~ (hiding).
 17188 | D:13     | 17188 ||| INVOKING Heroism.
 17224 | D:13     | 17224 ||| INVOKING Heroism.
 17225 | D:13     | 17225 ||| INVOKING Finesse.
 17229 | D:13     | 17229 ||| SWAPPING to +2 war axe of flaming.
 17234 | D:13     | 17234 ||| SWAPPING to +2 heavy broad axe.
 17370 | D:13     | 17370 ||| READING scroll of enchant weapon.
 17370 | D:13     | 17370 ||| ENCHANTING +2 heavy broad axe.
 17497 | D:13     | 17497 ||| READING scroll of enchant armour.
 17497 | D:13     | 17497 ||| ENCHANTING +0 pair of gloves.
 17545 | D:13     | Found a runed translucent door.
 17566 | D:13     | Noticed qw's ghost (journeyman GrFi)
 17569 | D:13     | Identified the +3 spear "Ujeogurph" {freeze, Will+ rCorr}
 17805 | D:13     | 17805 ||| DROPPING +1 hat.
 17806 | D:13     | 17806 ||| READING scroll labelled TAOGUP BAJI.
 17866 | D:14     | 17866 ||| STAIRDANCE
 17870 | D:13     | Reached skill level 17 in Axes
 18022 | D:14     | 18022 ||| INVOKING Heroism.
 18031 | D:14     | Reached skill level 12 in Armour
 18081 | D:14     | Found a gate to the Vaults.
 18171 | D:14     | Noticed Nessos
 18172 | D:14     | 18172 ||| INVOKING Finesse.
 18187 | D:14     | Killed Nessos
 18243 | D:14     | Noticed Josephine
 18252 | D:14     | Killed Josephine
 18252 | D:14     | Received a gift from Okawaru
 18617 | D:14     | 18617 ||| Stepping ~*~*~tactically~*~*~ (stealth).
 18621 | D:14     | 18621 ||| Stepping ~*~*~tactically~*~*~ (stealth).
 18741 | D:15     | Entered Level 15 of the Dungeon
 18781 | D:15     | 18781 ||| READING scroll of enchant weapon.
 18781 | D:15     | 18781 ||| ENCHANTING +3 heavy broad axe.
 18948 | D:15     | 18948 ||| Stepping ~*~*~tactically~*~*~ (hiding).
 18949 | D:15     | 18949 ||| Stepping ~*~*~tactically~*~*~ (hiding).
 18950 | D:15     | 18950 ||| Stepping ~*~*~tactically~*~*~ (hiding).
 18952 | D:15     | 18952 ||| INVOKING Heroism.
 18953 | D:15     | 18953 ||| INVOKING Finesse.
 19052 | D:15     | 19052 ||| INVOKING Heroism.
 19082 | D:15     | Found a staircase to the Depths.
 19099 | D:15     | 19099 ||| FLEEEEING.
 19100 | D:15     | 19100 ||| FLEEEEING.
 19101 | D:15     | 19101 ||| FLEEEEING.
 19105 | D:15     | 19105 ||| STAIRDANCE
 19120 | D:14     | 19120 ||| READING scroll labelled YLO DUOHIUNIU.
 19215 | D:15     | 19215 ||| INVOKING Heroism.
 19308 | D:15     | Reached XP level 16. HP: 114/114 MP: 25/25
 19543 | D:15     | 19543 ||| PLANNING ORC
 19543 | D:15     | 19543 ||| DROPPING ring of willpower.
 19544 | D:15     | 19544 ||| READING 18 scrolls of identify.
 19544 | D:15     | 19544 ||| IDENTIFYING metallic emerald potion
 19641 | Orc:1    | Entered Level 1 of the Orcish Mines
 19643 | Orc:1    | 19643 ||| INVOKING Heroism.
 19681 | Orc:1    | Reached skill level 18 in Axes
 19731 | Orc:1    | 19731 ||| Stepping ~*~*~tactically~*~*~ (stealth).
 19956 | Orc:2    | Entered Level 2 of the Orcish Mines
 19977 | Orc:2    | 19977 ||| Stepping ~*~*~tactically~*~*~ (stealth).
 19978 | Orc:2    | 19978 ||| Stepping ~*~*~tactically~*~*~ (stealth).
 19981 | Orc:2    | 19981 ||| Stepping ~*~*~tactically~*~*~ (hiding).
 20177 | Orc:2    | Found Pureciku's Book Emporium.
 20205 | Orc:2    | 20205 ||| Stepping ~*~*~tactically~*~*~ (stealth).
 20253 | Orc:2    | 20253 ||| Stepping ~*~*~tactically~*~*~ (hiding).
 20379 | Orc:2    | Found Wycolee's CLEARANCE SALE!.
 20387 | Orc:2    | 20387 ||| BUYING scroll of enchant armour (30 gold).
 20387 | Orc:2    | Bought a scroll of enchant armour for 30 gold pieces
 20387 | Orc:2    | 20387 ||| READING scroll of enchant armour.
 20387 | Orc:2    | 20387 ||| ENCHANTING +1 pair of gloves.
 20452 | Orc:1    | Found a burning altar of Makhleb.
 20458 | Orc:1    | 20458 ||| INVOKING Heroism.
 20459 | Orc:1    | 20459 ||| INVOKING Finesse.
 20524 | Orc:1    | Reached skill level 9 in Shields
 20600 | Orc:1    | 20600 ||| UPGRADING to +1 plate armour of positive energy.
 20610 | Orc:1    | 20610 ||| DROPPING +0 plate armour.
 20611 | Orc:1    | 20611 ||| UPGRADING to +0 tower shield.
 20621 | Orc:1    | 20621 ||| DROPPING +0 buckler.
 20746 | Orc:2    | 20746 ||| Stepping ~*~*~tactically~*~*~ (hiding).
 20748 | Orc:2    | 20748 ||| Stepping ~*~*~tactically~*~*~ (hiding).
 20750 | Orc:2    | 20750 ||| Stepping ~*~*~tactically~*~*~ (hiding).
 20761 | Orc:2    | 20761 ||| Stepping ~*~*~tactically~*~*~ (stealth).
 20762 | Orc:2    | 20762 ||| Stepping ~*~*~tactically~*~*~ (stealth).
 20800 | Orc:2    | Found a staircase to the Elven Halls.
 20859 | Orc:2    | Found Guhidwea's General Store.
 20860 | Orc:2    | 20860 ||| INVOKING Heroism.
 20890 | Orc:2    | Found Wifeubromm's General Store.
 20903 | Orc:2    | 20903 ||| Stepping ~*~*~tactically~*~*~ (hiding).
 20904 | Orc:2    | 20904 ||| Stepping ~*~*~tactically~*~*~ (hiding).
 20913 | Orc:2    | 20913 ||| Stepping ~*~*~tactically~*~*~ (hiding).
 20938 | Orc:2    | 20938 ||| Stepping ~*~*~tactically~*~*~ (stealth).
 20965 | Orc:2    | 20965 ||| BUYING potion of mutation (112 gold).
 20965 | Orc:2    | Bought a potion of mutation for 112 gold pieces
 20965 | Orc:2    | 20965 ||| BUYING scroll of teleportation (42 gold).
 20965 | Orc:2    | Bought a scroll of teleportation for 42 gold pieces
 20967 | Orc:2    | 20967 ||| BUYING potion of heal wounds (60 gold).
 20967 | Orc:2    | Bought a potion of heal wounds for 60 gold pieces
 20991 | Orc:2    | 20991 ||| Stepping ~*~*~tactically~*~*~ (hiding).
 20997 | Orc:2    | 20997 ||| INVOKING Heroism.
 21055 | Orc:2    | 21055 ||| INVOKING Heroism.
 21057 | Orc:2    | HP: 27/114 [demonspawn (3)]
 21058 | Orc:2    | 21058 ||| READING 8 scrolls of teleportation.
 21059 | Orc:2    | 21059 ||| DRINKING 2 potions of heal wounds.
 21059 | Orc:2    | Gained mutation: You are weak. (Str -2) [a neqoxec]
 21174 | Orc:2    | 21174 ||| INVOKING Heroism.
 21180 | Orc:2    | Received a gift from Okawaru
 21193 | Orc:2    | 21193 ||| Stepping ~*~*~tactically~*~*~ (hiding).
 21194 | Orc:2    | 21194 ||| Stepping ~*~*~tactically~*~*~ (hiding).
 21195 | Orc:2    | 21195 ||| Stepping ~*~*~tactically~*~*~ (hiding).
 21196 | Orc:2    | 21196 ||| Stepping ~*~*~tactically~*~*~ (hiding).
 21227 | Orc:2    | 21227 ||| Stepping ~*~*~tactically~*~*~ (stealth).
 21233 | Orc:2    | 21233 ||| INVOKING Heroism.
 21258 | Orc:2    | Found Syesonag's Antique Weapon Shoppe.
 21258 | Orc:2    | Found Tall's Book Emporium.
 21259 | Orc:2    | Found a one-way gate leading to the halls of Pandemonium.
 21267 | Orc:2    | 21267 ||| INVOKING Heroism.
 21332 | Orc:2    | 21332 ||| PLANNING SWAMP:1-3
 21508 | Swamp:1  | Entered Level 1 of the Swamp
 21521 | Swamp:1  | 21521 ||| Stepping ~*~*~tactically~*~*~ (hiding).
 21537 | Swamp:1  | 21537 ||| Stepping ~*~*~tactically~*~*~ (hiding).
 21582 | Swamp:1  | 21582 ||| INVOKING Heroism.
 21591 | Swamp:1  | Received a gift from Okawaru
 21601 | Swamp:1  | 21601 ||| Stepping ~*~*~tactically~*~*~ (hiding).
 21724 | Swamp:1  | 21724 ||| Stepping ~*~*~tactically~*~*~ (hiding).
 21960 | Swamp:1  | 21960 ||| INVOKING Heroism.
 22030 | Swamp:1  | Noticed a fenstrider witch
 22032 | Swamp:1  | Noticed a thorn hunter
 22033 | Swamp:1  | Found a transporter.
 22033 | Swamp:1  | Noticed a fenstrider witch
 22033 | Swamp:1  | Noticed a tentacled monstrosity
 22034 | Swamp:1  | Noticed a thorn hunter
 22042 | Swamp:1  | 22042 ||| SWAPPING to +2 war axe of flaming.
 22048 | Swamp:1  | 22048 ||| SWAPPING to +4 broad axe of freezing.
 22052 | Swamp:1  | 22052 ||| SWAPPING to +2 war axe of flaming.
 22059 | Swamp:1  | 22059 ||| Stepping ~*~*~tactically~*~*~ (cloud).
 22060 | Swamp:1  | 22060 ||| SWAPPING to +4 broad axe of freezing.
 22111 | Swamp:1  | Found a transporter.
 22112 | Swamp:1  | Found the +9 sword of Zonguldrok {reap}
 22121 | Swamp:1  | Received a gift from Okawaru
 22122 | Swamp:1  | Reached skill level 12 in Shields
 22160 | Swamp:1  | 22160 ||| INVOKING Heroism.
 22161 | Swamp:1  | 22161 ||| INVOKING Finesse.
 22169 | Swamp:1  | 22169 ||| SWAPPING to +2 war axe of flaming.
 22172 | Swamp:1  | 22172 ||| SWAPPING to +4 broad axe of freezing.
 22250 | Swamp:1  | 22250 ||| Stepping ~*~*~tactically~*~*~ (hiding).
 22251 | Swamp:1  | 22251 ||| Stepping ~*~*~tactically~*~*~ (hiding).
 22405 | Swamp:1  | 22405 ||| READING 18 scrolls of identify.
 22405 | Swamp:1  | 22405 ||| IDENTIFYING bubbling grey potion
 22406 | Swamp:1  | 22406 ||| DROPPING potion of invisibility.
 22443 | Swamp:2  | 22443 ||| INVOKING Heroism.
 22454 | Swamp:2  | Received a gift from Okawaru
 22483 | Swamp:2  | 22483 ||| INVOKING Finesse.
 22486 | Swamp:2  | 22486 ||| Stepping ~*~*~tactically~*~*~ (stealth).
 22487 | Swamp:2  | 22487 ||| SWAPPING to +2 war axe of flaming.
 22491 | Swamp:2  | 22491 ||| SWAPPING to +4 broad axe of freezing.
 22540 | Swamp:2  | 22540 ||| INVOKING Heroism.
 22542 | Swamp:2  | 22542 ||| INVOKING Finesse.
 22543 | Swamp:2  | Received a gift from Okawaru
 22547 | Swamp:2  | 22547 ||| SWAPPING to +2 war axe of flaming.
 22553 | Swamp:2  | 22553 ||| SWAPPING to +4 broad axe of freezing.
 22558 | Swamp:2  | 22558 ||| SWAPPING to +2 war axe of flaming.
 22564 | Swamp:2  | 22564 ||| SWAPPING to +4 broad axe of freezing.
 22568 | Swamp:2  | Received a gift from Okawaru
 22655 | Swamp:2  | Noticed a fenstrider witch
 22656 | Swamp:2  | 22656 ||| Stepping ~*~*~tactically~*~*~ (stealth).
 22668 | Swamp:2  | 22668 ||| Stepping ~*~*~tactically~*~*~ (stealth).
 22673 | Swamp:2  | 22673 ||| INVOKING Heroism.
 22682 | Swamp:2  | 22682 ||| READING scroll of enchant weapon.
 22682 | Swamp:2  | 22682 ||| ENCHANTING +4 broad axe of freezing.
 22691 | Swamp:2  | Received a gift from Okawaru
 22710 | Swamp:2  | 22710 ||| DROPPING +2 war axe of flaming.
 22713 | Swamp:2  | 22713 ||| INVOKING Heroism.
 22714 | Swamp:2  | 22714 ||| INVOKING Finesse.
 22717 | Swamp:2  | 22717 ||| SWAPPING to +4 broad axe of flaming.
 22724 | Swamp:2  | 22724 ||| Stepping ~*~*~tactically~*~*~ (hiding).
 22725 | Swamp:2  | 22725 ||| Stepping ~*~*~tactically~*~*~ (hiding).
 22726 | Swamp:2  | 22726 ||| SWAPPING to +5 broad axe of freezing.
 22769 | Swamp:2  | 22769 ||| Stepping ~*~*~tactically~*~*~ (hiding).
 22770 | Swamp:2  | 22770 ||| Stepping ~*~*~tactically~*~*~ (stealth).
 22771 | Swamp:2  | 22771 ||| INVOKING Heroism.
 22773 | Swamp:2  | Killed a fenstrider witch
 22778 | Swamp:2  | Reached XP level 17. HP: 118/118 MP: 24/26
 23021 | Swamp:3  | 23021 ||| Stepping ~*~*~tactically~*~*~ (stealth).
 23029 | Swamp:3  | 23029 ||| INVOKING Heroism.
 23083 | Swamp:3  | 23083 ||| Stepping ~*~*~tactically~*~*~ (stealth).
 23084 | Swamp:3  | 23084 ||| Stepping ~*~*~tactically~*~*~ (stealth).
 23102 | Swamp:3  | 23102 ||| INVOKING Heroism.
 23114 | Swamp:3  | 23114 ||| SWAPPING to +4 broad axe of flaming.
 23122 | Swamp:3  | 23122 ||| SWAPPING to +5 broad axe of freezing.
 23125 | Swamp:3  | Reached skill level 15 in Shields
 23140 | Swamp:3  | HP: 25/118 [spriggan rider/+0 spear (10)]
 23140 | Swamp:3  | HP: 5/118 [tyrant leech (20)]
 23141 | Swamp:3  | 23141 ||| READING 8 scrolls of teleportation.
 23141 | Swamp:3  | Mangled by a tyrant leech

Levels and vault maps discovered:
D:1:      minmay_arrival_jagged, layout_loops_ring
D:2:      layout_loops_corners, serial_shops, nicolae_shop_rolling_square,
          minmay_domino_4
D:3:      layout_loops_ring, lemuel_doored_altar,
          mainiacjoe_overflow_small_starburst, uniq_sigmund
D:4:      layout_basic, minmay_temple_entry_ruins
D:5:      layout_layer_cave, serial_bayou, serial_bayou_crossing,
          serial_bayou_pond_a, serial_bayou_shore_a, serial_bayou_pond_c
D:6:      layout_rooms, nicolae_ru_sacrificial_ziggurat
D:7:      layout_loops_ring, mainiacjoe_overflow_cross_hatched,
          minmay_misc_feat_five
D:8:      layout_loops_ring, gammafunk_temple_overflow_claw,
          small_statue_intersection, nicolae_diode_quadrants, uniq_psyche
D:9:      minmay_the_grid_triangle_9x9_rhombus_thin
          [minmay_the_grid_triangle_9x9_impossible_snake,
          minmay_the_grid_triangle_9x9_prize_schism,
          minmay_the_grid_triangle_9x9_longest,
          minmay_the_grid_triangle_9x9_sprig], layout_layer_cave,
          mainiacjoe_overflow_concentric_impassable, trog_hazing_becter,
          uniq_erica
D:10:     cheibrodos_grave_circle, layout_rooms, tso_metal_star, serial_shops,
          nicolae_shop_tiny_glass
D:11:     layout_small_grid, erik_lair_dragon, serial_shops,
          nicolae_shop_hallway_plus, grunt_ministairs_9
D:12:     layout_rooms, david_orc_3, serial_rivers,
          chequers_serial_rivers_micro_e, chequers_serial_rivers_micro_a,
          chequers_serial_rivers_micro_d, chequers_serial_rivers_small_a,
          chequers_serial_rivers_small_b, chequers_serial_rivers_large_a,
          gammafunk_ghost_ooze
D:13:     layout_irregular_city, ebering_ghost_funeral_grove
D:14:     layout_long_grid, hangedman_vaults_entry_quadrant_bands, uniq_nessos,
          uniq_josephine
D:15:     hangedman_depths_entry_civil_slaughter, layout_basic
Temple:   hellmonk_temple_forest_ring
Lair:1:   layout_cave_pods, grunt_megastairs_3, uniq_maggie
Lair:2:   layout_loops_ring, skrybe_swamp_entry_bodies,
          nicolae_volcano_entry_batcave, forest_entry_grove
Lair:3:   layout_chaotic_city, spider_nest_entry_a, gammafunk_ghost_icy
Lair:4:   layout_roguey, portal_ice_cave_rime, beast_lair_carwin_6, uniq_kirke
Lair:5:   hangedman_lair_tendril_chambers, layout_concentric_octagons, wormcave,
          slime_entry_1, gauntlet_entry_generic, lemuel_fruit_fields
Swamp:1:  gammafunk_sealed_arena, layout_basic_swamp, serial_swamp_ruin,
          evilmike_swamp_ruin_house_3, hangedman_swamp_ruin_wall,
          evilmike_swamp_ruin_house_2, swamp_pool4, grunt_hermit_hut
Swamp:2:  layout_basic_swamp, nicolae_swamp_tree_isthmus, swamp_pool2
Swamp:3:  layout_basic_swamp, infiniplex_staircase_pool_2
Orc:1:    layout_caves, basic_altar
Orc:2:    pf_orc_diabolical, layout_diamond_mine, serial_shops,
          nicolae_shop_waterfront, nicolae_shop_clearance

Skill      XL: |  1  2  3  4  5  6  7  8  9 10 11 12 13 14 15 16 17 |
---------------+----------------------------------------------------+-----
Axes           | 2 3 4 5 6 7 8 9 11 12 13 14 16 17 18 | 18.0
Dodging        | 1 2 |  2.1
Fighting       | 4 5 7 8 9 10 11 12 13 | 13.0
Invocations    | 4 7 10 | 10.0
Armour         | 5 6 7 9 10 11 12 | 12.0
Shields        | 4 5 6 7 8 14 15 | 15.3
Throwing       | 4 6 7 |  7.0

Action                     |  1- 3 |  4- 6 |  7- 9 | 10-12 | 13-15 | 16-18 || total
---------------------------+-------+-------+-------+-------+-------+-------++-------
  Melee: War axe           |   134 |   169 |   284 |   280 |    12 |    26 ||   905
         Unarmed           |       |       |     1 |       |       |       ||     1
         Broad axe         |       |       |       |   292 |   834 |   466 ||  1592
  Throw: Javelin           |       |       |       |       |   146 |    70 ||   216
         Boomerang         |       |       |       |       |       |    11 ||    11
 Invoke: Heroism           |       |       |    12 |    14 |    24 |    18 ||    68
         Finesse           |       |       |       |     1 |     8 |     5 ||    14
    Use: Scroll            |     5 |     8 |     6 |     4 |     7 |     6 ||    36
         Potion            |     1 |       |     3 |     5 |     2 |     1 ||    12
 Armour: Scale mail        |    63 |    15 |       |       |       |       ||    78
         Ring mail         |       |    56 |    58 |       |       |       ||   114
         Plate armour      |       |       |    87 |   341 |   429 |   255 ||  1112
  Dodge: Dodged            |    67 |    86 |   111 |   323 |   449 |   194 ||  1230
         Repelled          |       |       |       |       |     1 |     3 ||     4
  Block: Buckler           |    27 |    21 |   110 |   324 |   350 |    26 ||   858
         Reflection        |       |       |     3 |    13 |     2 |       ||    18
         Tower shield      |       |       |       |       |       |   314 ||   314

Table legend:
 A = Non-vault XP
 B = Vault XP
 C = Vault XP percentage of total XP
 D = Non-vault monster count
 E = Vault monster count
 F = Vault count percentage of total count
                 A         B        C        D         E       F
            +---------+---------+-------+---------+---------+-------
      Total |  129988 |   64146 |  33.0 |     584 |     220 |  27.4
            +---------+---------+-------+---------+---------+-------
        D:1 |      58 |       0 |   0.0 |      32 |       0 |   0.0
        D:2 |      49 |       5 |   9.3 |      14 |       3 |  17.6
        D:3 |      54 |     214 |  79.9 |      20 |       1 |   4.8
        D:4 |     165 |       0 |   0.0 |      14 |       0 |   0.0
        D:5 |     364 |       0 |   0.0 |      14 |       0 |   0.0
        D:6 |     753 |       0 |   0.0 |      17 |       0 |   0.0
        D:7 |    1917 |       0 |   0.0 |      31 |       0 |   0.0
        D:8 |     618 |     371 |  37.5 |      16 |       1 |   5.9
        D:9 |    2355 |    5383 |  69.6 |      21 |      19 |  47.5
       D:10 |    3369 |    2873 |  46.0 |      10 |      11 |  52.4
       D:11 |    5760 |    1522 |  20.9 |      39 |       7 |  15.2
       D:12 |    3774 |     373 |   9.0 |      14 |       5 |  26.3
       D:13 |   10881 |       0 |   0.0 |      28 |       0 |   0.0
       D:14 |    4578 |    8382 |  64.7 |      10 |      26 |  72.2
       D:15 |   11172 |    3726 |  25.0 |      30 |       6 |  16.7
     Lair:1 |    5499 |    1233 |  18.3 |      25 |       3 |  10.7
     Lair:2 |    5528 |    3021 |  35.3 |      22 |      12 |  35.3
     Lair:3 |    6266 |     600 |   8.7 |      26 |       3 |  10.3
     Lair:4 |    5661 |    4725 |  45.5 |      22 |      11 |  33.3
     Lair:5 |   15148 |   15922 |  51.2 |      46 |      52 |  53.1
    Swamp:1 |    8534 |     795 |   8.5 |      19 |       1 |   5.0
    Swamp:2 |   20445 |       0 |   0.0 |      33 |       0 |   0.0
    Swamp:3 |   10714 |       0 |   0.0 |      21 |       0 |   0.0
      Orc:1 |    5622 |       0 |   0.0 |      47 |       0 |   0.0
      Orc:2 |     704 |   15001 |  95.5 |      13 |      59 |  81.9
            +---------+---------+-------+---------+---------+-------
